 Dungeon Crawl Stone Soup version 0.15.2 (webtiles) character file.

53 HiobMontag the Ruffian (level 3, -4/31 (33) HPs)
             Began as a Ghoul Monk on Dec 13, 2014.
             Slain by Crazy Yiuf
             ... wielding a +2 quarterstaff of chaos
              (13 damage)
             ... on Level 2 of the Dungeon.
             The game lasted 00:10:17 (1597 turns).

HiobMontag the Ruffian (Ghoul Monk)                 Turns: 1597, Time: 00:10:17

HP  -4/31 (33)   AC  6     Str 15      XL: 3   Next: 87%
MP   0/3         EV 11     Int  5      God:
Gold 112         SH  0     Dex 11      Spells:  0 memorised,  2 levels left

rFire  . . .     SeeInvis .       - Unarmed
rCold  + . .     Clarity  .     c - +0 leather armour
rNeg   + + +     rCorr    .     (no shield)
rPois  +         rRot     +     (no helmet)
rElec  .         Spirit   +     e - +2 cloak
SustAb .         Warding  .     (no gloves)
rMut   .         Stasis   .     (no boots)
Saprov + + +                    g - amulet of guardian spirit
MR     .....                    (no ring)
                                (no ring)

@: rotting, not resistant to hostile enchantments, unstealthy
A: rotting body, claws 1, carnivore 3, cold resistance 1, negative energy
resistance 3, poison resistance, saprovore 3, slow healing 1, torment
resistance, unbreathing
a: no special abilities


You were on level 2 of the Dungeon.
You were very hungry.

You visited 1 branch of the dungeon, and saw 2 of its levels.

You collected 112 gold pieces.

Inventory:

Armour
 a - a +0 robe
 c - a +0 leather armour (worn)
 e - a +2 cloak (worn)
Magical devices
 o - a wand of magic darts (13)
Scrolls
 i - 2 scrolls of magic mapping {unknown}
 j - a scroll of teleportation {unknown}
 l - a scroll of identify
 m - a scroll of enchant armour {unknown}
Jewellery
 g - an amulet of guardian spirit (around neck)
Potions
 b - 2 potions of magic {unknown}
 d - 2 potions of resistance {unknown}
 f - a potion of cancellation {unknown}
 h - a potion of brilliance {unknown}
 k - a potion of poison {unknown}
 n - a potion of haste {unknown}


   Skills:
 + Level 3.7 Fighting
 + Level 0.3 Armour
 + Level 3.0 Dodging
 + Level 2.4 Stealth
 + Level 5.2 Unarmed Combat


You had 2 spell levels left.
You didn't know any spells.

Dungeon Overview and Level Annotations

Branches:
Dungeon (2/15)

Altars:

Annotations:
D:2 Crazy Yiuf


Innate Abilities, Weirdness & Mutations

Your body is rotting away.
You have sharp fingernails.
You are carnivorous and can eat meat at any time.
Your flesh is cold resistant.
You are immune to negative energy.
Your system is resistant to poisons.
You thrive on rotten meat.
You heal slowly when monsters are visible.
You are immune to unholy pain and torment.
You can survive without breathing.


Message History

Press: ? - help, Shift-Dir - straight line, f/p - Crazy Yiuf
Aim: Crazy Yiuf, wielding a quarterstaff of chaos and wearing a runed cloak (lightly wounded)
The magic dart hits Crazy Yiuf.
Crazy Yiuf is moderately wounded.
You scratch Crazy Yiuf but do no damage.
Crazy Yiuf is moderately wounded.
Crazy Yiuf hits you with a quarterstaff of chaos!
Crazy Yiuf burns you.
You scratch Crazy Yiuf.
Crazy Yiuf begins to bleed from his wounds!
Crazy Yiuf is moderately wounded.
You claw Crazy Yiuf!
Crazy Yiuf is severely wounded.
Crazy Yiuf closely misses you.
You barely miss Crazy Yiuf.
Crazy Yiuf is severely wounded.
Crazy Yiuf hits you with a quarterstaff of chaos!
* * * LOW HITPOINT WARNING * * *
You are electrocuted!
You die...

.........#####.####
#.###.#####
##.....#.# #.# #.#
#...... #..#.##.#
#.# #.# #######
#.#.###.# ### ###
#.### #.# #.# #.#
♣♣♣♣♣## #.# #.# ###
♣♣♣.♣.P.### #.# #.#
#...#♣..♣......##
##.# #.#
#...g@♣♣♣♣P.....#
...# #.# #)..#♣♣
♣♣P.#..# #### #.#
### ♣♣##..# #.#
#.####### #.#
#........ #.# ###
### ########. ###
#.# #.# #.
#.####.##########.
#.##..............


You could see Crazy Yiuf (bleeding).

Vanquished Creatures
  2 adders (D:2)
  2 giant geckos
  4 bats
  2 goblins (D:1)
  4 hobgoblins
  4 jackals (D:2)
  2 kobolds
  A ball python (D:1)
  4 giant newts
  10 rats
35 creatures vanquished.

Notes
Turn   | Place    | Note
--------------------------------------------------------------
     0 | D:1      | HiobMontag, the Ghoul Monk, began the quest for the Orb.
     0 | D:1      | Reached XP level 1. HP: 19/19 MP: 1/1
   328 | D:1      | Reached XP level 2. HP: 24/24 MP: 2/2
   758 | D:2      | Reached XP level 3. HP: 21/29 MP: 3/3
   892 | D:2      | Reached skill level 5 in Unarmed Combat
  1591 | D:2      | Noticed Crazy Yiuf
  1597 | D:2      | Slain by Crazy Yiuf

Action                   || total
-------------------------++-------
Melee: Unarmed           ||    92
Evoke: Wand              ||     2
  Use: Scroll            ||     4
 Stab: Sleeping          ||     4
  Eat: Chunk             ||     1
